 Dungeon Crawl Stone Soup version 0.22-a0-396-g3f858e3 (webtiles) character file.

39 Collin1234 the Skirmisher (level 3, -10/33 HPs)
             Began as a Hill Orc Fighter on May 3, 2018.
             Mangled by a worm (11 damage)
             ... on level 2 of the Dungeon.
             The game lasted 00:04:52 (1835 turns).

Collin1234 the Skirmisher (Hill Orc Fighter)        Turns: 1835, Time: 00:04:53

Health: -10/33     AC:  8    Str: 18    XL:     3   Next: 47%
Magic:  3/3        EV:  9    Int:  9    God:
Gold:   86         SH:  0    Dex: 10    Spells: 2/2 levels left

rFire    . . .     SeeInvis .   o - -1 bardiche (curse)
rCold    . . .     Gourm    .   (shield currently unavailable)
rNeg     . . .     Faith    .   b - +0 scale mail
rPois    .         Spirit   .   g - +0 helmet
rElec    .         Reflect  .   (no cloak)
rCorr    .         Harm     .   (no gloves)
MR       .....                  (no boots)
Stlth    ..........             (no amulet)
HPRegen  0.11/turn              (no ring)
MPRegen  0.08/turn              (no ring)

@: no status effects
A: no striking features
a: no special abilities


You were on level 2 of the Dungeon.
You were not hungry.

You visited 1 branch of the dungeon, and saw 2 of its levels.

You collected 86 gold pieces.

Inventory:

Hand Weapons
 a - a +0 rapier
 e - a +0 long sword of protection
 o - a cursed -1 bardiche (weapon)
Missiles
 k - 40 stones (quivered)
Armour
 b - a +0 scale mail (worn)
 c - a +0 shield
 g - a +0 helmet (worn)
Jewellery
 j - an uncursed amulet of the gourmand {unknown}
Wands
 p - a wand of random effects (38)
Scrolls
 l - a scroll of immolation
Potions
 d - 2 potions of might
 h - a potion of brilliance {unknown}
 i - a potion of mutation {unknown}
 m - a potion of resistance {unknown}
 n - a potion of degeneration {unknown}
Comestibles
 f - 6 rations


   Skills:
 + Level 4.1 Fighting
 + Level 2.3 Short Blades
 + Level 0.1(1.5) Long Blades
 + Level 0.1 Polearms
 + Level 3.8 Armour
 + Level 3.7 Shields


You had 2 spell levels left.
You didn't know any spells.

Dungeon Overview and Level Annotations

Branches:
Dungeon (2/15)

Altars:
Ashenzari
Trog
Xom
Zin


Message History

The worm is heavily wounded.
The worm bites you. The worm closely misses you.
A worm comes into view.
The worm closely misses you.
Found a glowing flail and a whip.
The worm closely misses you.
You hit the worm but do no damage.
The worm is moderately wounded.
The moth of wrath goads the worm on!
The worm goes berserk!
The worm bites you. The worm bites you!
You slash the worm!
The worm is severely wounded.
The worm bites you but does no damage. The worm bites you!
* * * LOW HITPOINT WARNING * * *
The worm closely misses you.
You barely miss the worm.
The worm is severely wounded.
The worm barely misses you. The worm bites you but does no damage.
The worm bites you!
You die...

####### ####.....#
..##...).#####
#.##.........#
#........#########
...#.....####....##
#.#########.......## ..#
#.)...w@w.# ###
#....#....#
#########.)..###...####
##......#.._.#y#....รท.#
##......#.)..###...##.#
##......##....#....##.#
........##.).......#..#
##.......##.......##.##
#.......####....##..#


You could see a moth of wrath and 2 worms.

Vanquished Creatures
  A worm (D:2)
  A dart slug (D:1)
  A leopard gecko (D:1)
  A bat (D:1)
  4 giant cockroaches
  4 goblins
  3 hobgoblins (D:1)
  2 jackals (D:1)
  A quokka (D:2)
  4 frilled lizards
  3 kobolds
  A quokka skeleton (D:2)
  6 rats
32 creatures vanquished.

Notes
Turn   | Place    | Note
-------+----------+-------------------------------------------
     0 | D:1      | Collin1234 the Hill Orc Fighter began the quest for the Orb.
     0 | D:1      | Reached XP level 1. HP: 19/19 MP: 1/1
   105 | D:1      | Reached XP level 2. HP: 27/27 MP: 2/2
   144 | D:1      | Reached skill level 4 in Fighting
   967 | D:2      | Reached XP level 3. HP: 33/33 MP: 3/3
  1054 | D:2      | Found a glowing silver altar of Zin.
  1076 | D:2      | Found a shattered altar of Ashenzari.
  1299 | D:2      | Found a shimmering altar of Xom.
  1623 | D:2      | Noticed a moth of wrath
  1626 | D:2      | Found a bloodstained altar of Trog.
  1834 | D:2      | HP: 1/33 [worm (12)]
  1835 | D:2      | Mangled by a worm

Vault maps used:
D:1:      doesnt_arrival_eight_statues, serial_forest,
          infiniplex_forest_zigzag_1, infiniplex_forest_clump_curved,
          infiniplex_forest_lined_3, infiniplex_forest_end_1,
          infiniplex_forest_clump_tiny, infiniplex_forest_clump_C,
          infiniplex_forest_straight_2, infiniplex_forest_straight_3,
          infiniplex_forest_lined_room_2
D:2:      tgw_trog, nicolae_overflow_crystal_walls,
          lemuel_coloured_pillars_altar, xom_butterflies, first_ration,
          serial_glass, glass_columns_b, glass_columns_c

Skill      XL: |  1  2 |
---------------+-------+-----
Fighting       | 4 |  4.1
Short Blades   | |  2.3
Long Blades    | |  0.1
Polearms       | |  0.1
Armour         | |  3.8
Shields        | |  3.7

Action                   || total
-------------------------++-------
Melee: Rapier            ||    81
       Bardiche          ||    78
       Long sword        ||     3
Throw: Stone             ||     1
  Use: Scroll            ||     4
  Eat: Chunk             ||     3
Armor: Scale mail        ||   104
Dodge: Dodged            ||    98
Block: Shield            ||    31

Table legend:
 A = Spawn XP
 B = Non-spawn XP
 C = Spawn XP percentage of total XP
 D = Spawn monster count
 E = Non-spawn monster count
 F = Spawn count percentage of total count
 G = Total turns spent on level
                    A         B        C        D         E        F      G
               +---------+---------+-------+---------+---------+-------+---------
         Total |       0 |      57 |   0.0 |       0 |      32 |   0.0 |  1835
               +---------+---------+-------+---------+---------+-------+---------
           D:1 |       0 |      31 |   0.0 |       0 |      17 |   0.0 |   927
           D:2 |       0 |      26 |   0.0 |       0 |      15 |   0.0 |   908
               +---------+---------+-------+---------+---------+-------+---------
